 Dungeon Crawl Stone Soup version 0.25-a0-657-ge95d391c20 (webtiles) character file.

Game seed: 9171909609650317853, levelgen mode: deterministic

19132 vishdafish the Spear-Bearer (level 12, -10/98 HPs)
             Began as a Demonspawn Berserker on Mar 22, 2020.
             Was an Elder of Trog.
             Mangled by an orc warlord
             ... wielding a +1 war axe of flaming
              (28 damage)
             ... on level 1 of the Orcish Mines.
             The game lasted 00:26:08 (15765 turns).

vishdafish the Spear-Bearer (Demonspawn Berserker) Turns: 15765, Time: 00:26:10

Health: -10/98     AC:  8    Str: 22    XL:     12   Next: 33%
Magic:  0/6        EV: 12    Int: 12    God:    Trog [****..]
Gold:   1046       SH:  4    Dex: 13    Spells: 11/11 levels left

rFire    + . .     SeeInvis .   P - +4 glaive (antimagic)
rCold    + + .     Gourm    .   (shield currently unavailable)
rNeg     . . .     Faith    .   D - +2 ring mail {rC+}
rPois    .         Spirit   +   (no helmet)
rElec    .         Reflect  .   m - +0 cloak
rCorr    .         Harm     .   (no gloves)
MR       .....                  (no boots)
Stlth    +.........             p - amulet of the acrobat
HPRegen  0.26/turn              l - +3 ring of intelligence
MPRegen  0.20/turn              Q - ring of protection from cold

@: lightly drained
A: claws 2, large bone plates 1, fire resistance 1, magic shield, magic
regeneration, flame cloud immunity
a: Berserk, Trog's Hand, Brothers in Arms, Renounce Religion


You were on level 1 of the Orcish Mines.
You worshipped Trog.
Trog was greatly pleased with you.
You were near starving.

You visited 2 branches of the dungeon, and saw 13 of its levels.
You also visited: Bailey.

You collected 1046 gold pieces.

Inventory:

Hand Weapons
 a - a +0 spear
 r - a +0 halberd
 A - a +0 vorpal halberd
 G - a +0 executioner's axe of flaming
 I - a +4 quarterstaff of chaos
 K - a +5 lajatang
 P - a +4 antimagic glaive (weapon)
Armour
 b - a +0 animal skin
 i - a +0 chain mail
 m - a +0 cloak (worn)
 D - a +2 ring mail of cold resistance (worn)
 R - a +2 kite shield of poison resistance
Jewellery
 l - a +3 ring of intelligence (left claw)
 p - an amulet of the acrobat (around neck)
 u - an uncursed ring of flight
 H - an uncursed ring of stealth
 Q - a ring of protection from cold (right claw)
Wands
 y - a wand of disintegration (8)
 E - a wand of polymorph (7)
 M - a wand of iceblast (2)
Scrolls
 d - a scroll of amnesia
 f - a scroll of immolation
 k - 5 scrolls of remove curse
 n - 8 scrolls of teleportation
 v - 2 scrolls of fog
 x - a scroll of magic mapping {unknown}
 B - 2 scrolls of vulnerability {unknown}
 F - a scroll of fear {unknown}
 J - a scroll of torment
 L - a scroll of silence {unknown}
Potions
 e - a potion of lignification
 g - 2 potions of brilliance
 h - 3 potions of flight
 j - a potion of degeneration
 o - 3 potions of haste
 q - a potion of resistance
 s - a potion of berserk rage
 t - a potion of magic
 w - a potion of stabbing
 z - a potion of invisibility
 N - a potion of ambrosia {unknown}
Comestibles
 c - 18 rations


   Skills:
 + Level 10.4(9.9) Fighting
 * Level 12.7(12.1) Polearms
 - Level 4.0(3.5) Armour
 - Level 4.0(3.5) Dodging
 - Level 10.1(9.6) Evocations


You had 11 spell levels left.
You didn't know any spells.
Your spell library was empty.

Dungeon Overview and Level Annotations

Branches:
Dungeon (11/15)            Temple (0/1) D:7            Lair (0/6) D:10
    Orc (2/2) D:11            Elf (0/3) Orc:2        Bailey (visited)

Altars:
Dithmenos
Elyvilon
Fedhas
Gozag
Hepliaklqana
Kikubaaqudgha
Qazlal
Trog
Vehumet
Xom
Yredelemnul
Zin
The Shining One
Beogh

Shops:
D:4 [   D:7 }   D:9 (


Innate Abilities, Weirdness & Mutations

You have very sharp fingernails.
You are partially covered in large bone plates. (SH +4)
Your flesh is heat resistant. (rF+)
When hurt, damage is shared between your health and your magic reserves.
You regenerate magic rapidly.
You are immune to clouds of flame.


Message History

The orc warlord burns you.
Evoke which item? (* to show all) (? for menu, Esc to quit)
Okay, then.
You are near starving!
The orc sorcerer mumbles some strange words.
Evoke which item? (* to show all) (? for menu, Esc to quit)
Okay, then.
You fail to use your ability.
The orc warlord hits you with a +1 war axe of flaming!!
You fail to use your ability.
The orc sorcerer hits you with a +0 dagger of flaming.
You block the orc warlord's attack.
Your troll goes berserk!
You feel quite a bit more hungry.
The orc sorcerer points at you and mumbles some strange words.
The bolt of fire hits you!! You resist.
* * * LOW HITPOINT WARNING * * *
You block the red devil's attack.
The orc warlord hits you with a +1 war axe of flaming!!
You die...

.####..........#......#
..##...........##.##.##
..#............##...##
...#......#..........#
#....................##
.....#.##..)......#...#
.........#..[......#.#######
..........[<>[.o..T.....##.##
..........[...4o@...........#
.≈≈≈≈≈≈≈.................#.##
.≈#####≈.................###
.≈#.).#≈.....)..........##
.≈).∩.#≈.)..............#
.≈#...#≈......##.......##
.≈#####≈..#[..###.....##
.≈≈≈≈≈≈≈......# ####...#
..............######..##


You could see an orc warlord, an orc sorcerer, a red devil and a friendly troll
(berserk).

Vanquished Creatures
  Harold (D:7)
  A hydra (D:8)
  4 two-headed ogres
  An orc high priest (Orc:1)
  Pikel (D:6)
  3 orc knights
  An orc sorcerer (Orc:1)
  An ugly thing (D:11)
  A manticore (D:11)
  A cyclops (Orc:2)
  A gargoyle (D:10)
  A komodo dragon (D:10)
  5 trolls
  2 dream sheep (D:8)
  3 hippogriffs
  2 wyverns (D:10)
  9 yaks
  3 basilisks
  3 wargs (D:11)
  Duvessa (D:7)
  An acid dragon (D:11)
  A phantom (D:4)
  An ice beast (D:11)
  A black bear (D:7)
  19 orc warriors
  A swamp drake (D:10)
  2 sky beasts
  2 slaves (D:6)
  An ogre (D:11)
  2 crocodiles
  2 centaurs (D:10)
  3 big kobolds (D:8)
  5 bullfrogs
  A water moccasin skeleton (D:9)
  A scorpion (D:8)
  8 killer bees
  13 wights
  A howler monkey (D:5)
  4 crimson imps
  3 hounds
  A quasit (D:6)
  A centaur zombie (D:6)
  3 jellies
  Crazy Yiuf (D:7)
  15 orc priests
  13 orc wizards
  A bullfrog skeleton (D:11)
  7 worker ants
  2 hound skeletons (D:11)
  A hound zombie (D:11)
  A worker ant zombie (D:9)
  8 adders
  3 gnolls (D:4)
  A shadow imp (D:11)
  A white imp (D:5)
  An ooze (D:1)
  An adder zombie (D:6)
  2 adder skeletons
  3 worms
  2 dart slugs
  5 leopard geckos
  61 orcs
  4 giant cockroaches
  10 goblins
  8 hobgoblins
  6 jackals
  9 kobolds
  8 quokkas
  A ball python (D:1)
  9 bats
  2 frilled lizards
  A goblin zombie (D:5)
  2 hobgoblin zombies (D:5)
  3 kobold skeletons (D:5)
  A kobold zombie (D:5)
  An orc zombie (D:5)
  A quokka skeleton (D:9)
  2 quokka zombies (D:5)
  6 rats
325 creatures vanquished.

Vanquished Creatures (collateral kills)
  Erica (D:10)
  A bullfrog zombie (D:10)
  An orc wizard (D:10)
  An orc (D:10)
4 creatures vanquished.

Vanquished Creatures (others)
  A slave (D:7)
  Dowan (D:7)
  2 orcs
4 creatures vanquished.

Grand Total: 333 creatures vanquished

Notes
Turn   | Place    | Note
-------+----------+-------------------------------------------
     0 | D:1      | vishdafish the Demonspawn Berserker began the quest for the
                  | Orb.
     0 | D:1      | Reached XP level 1. HP: 18/18 MP: 1/1
   118 | D:1      | Gained mutation: When hurt, damage is shared between your
                  | health and your magic reserves. [demonic ancestry]
   118 | D:1      | Reached XP level 2. HP: 21/24 MP: 2/2
   219 | D:1      | Reached skill level 3 in Polearms
   277 | D:1      | Reached ** piety under Trog
   277 | D:1      | Reached XP level 3. HP: 25/29 MP: 3/3
  1379 | D:2      | Gained mutation: You regenerate magic rapidly. [demonic
                  | ancestry]
  1379 | D:2      | Reached XP level 4. HP: 31/35 MP: 4/4
  2900 | D:4      | Reached XP level 5. HP: 35/42 MP: 5/5
  2961 | D:4      | Reached *** piety under Trog
  3664 | D:4      | Noticed a phantom
  3917 | D:3      | Reached skill level 4 in Polearms
  3917 | D:3      | Reached XP level 6. HP: 27/48 MP: 2/6
  4241 | D:4      | Found Woreledgh's Armour Shop.
  4348 | D:5      | Entered Level 5 of the Dungeon
  4402 | D:5      | Found a glowing golden altar of the Shining One.
  4474 | D:5      | Found a stormy altar of Qazlal.
  4474 | D:5      | Found a radiant altar of Vehumet.
  4564 | D:5      | Gained mutation: Your flesh is heat resistant. (rF+)
                  | [demonic ancestry]
  4564 | D:5      | Reached XP level 7. HP: 50/55 MP: 7/7
  4582 | D:5      | Found a shadowy altar of Dithmenos.
  4582 | D:5      | Found a bloodstained altar of Trog.
  4583 | D:5      | Found a shimmering altar of Xom.
  4610 | D:5      | Found an opulent altar of Gozag.
  4682 | D:5      | Found a white marble altar of Elyvilon.
  4733 | D:5      | Found a basalt altar of Yredelemnul.
  4991 | D:6      | Reached skill level 5 in Polearms
  5263 | D:6      | Found a glowing silver altar of Zin.
  5335 | D:6      | Reached skill level 5 in Fighting
  5594 | D:7      | Noticed Duvessa
  5594 | D:7      | Noticed Dowan
  5594 | D:7      | Noticed Pikel
  5781 | D:6      | Killed Pikel
  5781 | D:6      | Reached skill level 6 in Polearms
  5781 | D:6      | Gained mutation: You have sharp fingernails. [demonic
                  | ancestry]
  5781 | D:6      | Reached XP level 8. HP: 63/63 MP: 6/10
  5831 | D:7      | Killed Duvessa
  5838 | D:7      | Killed Dowan
  5950 | D:7      | Reached **** piety under Trog
  6231 | D:7      | Found a runed translucent door.
  6232 | D:7      | Noticed Crazy Yiuf
  6358 | D:7      | Found a bloodstained altar of Trog.
  6362 | D:7      | Noticed Harold
  6374 | D:7      | Killed Harold
  6374 | D:7      | Reached skill level 7 in Polearms
  6374 | D:7      | Reached skill level 5 in Evocations
  6374 | D:7      | Reached XP level 9. HP: 71/71 MP: 9/13
  6559 | D:7      | Found Popery's Gadget Shoppe.
  6701 | D:7      | Found a staircase to the Ecumenical Temple.
  6947 | D:7      | Killed Crazy Yiuf
  7084 | D:8      | Found a hazy altar of Hepliaklqana.
  7262 | D:8      | Found a glowing golden altar of the Shining One.
  7599 | D:8      | Reached skill level 8 in Polearms
  7885 | D:8      | Noticed a three-headed hydra
  7894 | D:8      | Killed a three-headed hydra
  7894 | D:8      | Gained mutation: You are partially covered in large bone
                  | plates. (SH +4) [demonic ancestry]
  7894 | D:8      | Reached XP level 10. HP: 79/79 MP: 15/15
  8270 | D:9      | Found Tillaintuo's Antique Weapon Shop.
  8326 | D:9      | Reached skill level 9 in Polearms
  8479 | D:9      | Found a hazy altar of Hepliaklqana.
  8693 | D:9      | Noticed a two-headed ogre
  8703 | D:9      | Killed a two-headed ogre
  8703 | D:9      | Reached ***** piety under Trog
  8703 | D:9      | Received a gift from Trog
  9048 | D:9      | Found a blossoming altar of Fedhas.
  9050 | D:9      | Found an ancient bone altar of Kikubaaqudgha.
  9439 | D:10     | Entered Level 10 of the Dungeon
  9649 | D:10     | Noticed Erica
  9671 | D:10     | HP: 4/80 [Erica/bolt of poison (18)]
  9671 | D:10     | Killed Erica
  9673 | D:10     | HP: 1/80 [poisoned by Erica (bolt of poison)]
  9960 | D:10     | Reached skill level 10 in Polearms
  9983 | D:10     | Found a staircase to the Lair.
 10383 | D:10     | Gained mutation: You have very sharp fingernails. [demonic
                  | ancestry]
 10383 | D:10     | Reached XP level 11. HP: 40/87 MP: 12/17
 11840 | D:11     | Noticed a two-headed ogre
 11855 | D:11     | Killed a two-headed ogre
 11913 | D:10     | Reached skill level 10 in Evocations
 12659 | D:11     | Found a staircase to the Orcish Mines.
 12678 | D:11     | Reached skill level 11 in Polearms
 12693 | D:11     | Received a gift from Trog
 12694 | D:11     | Noticed a two-headed ogre
 12706 | D:11     | Killed a two-headed ogre
 13122 | D:11     | Noticed a green ugly thing
 13140 | D:11     | Killed a green ugly thing
 13695 | Orc:1    | Entered Level 1 of the Orcish Mines
 13695 | Orc:1    | Noticed a two-headed ogre
 13695 | Orc:1    | Noticed an orc knight
 13719 | D:11     | Killed a two-headed ogre
 14108 | Orc:1    | Noticed an orc high priest
 14128 | D:11     | Killed an orc knight
 14128 | D:11     | Reached skill level 12 in Polearms
 14128 | D:11     | Gained mutation: You are immune to clouds of flame.
                  | [demonic ancestry]
 14128 | D:11     | Reached XP level 12. HP: 86/97 MP: 5/19
 14322 | Orc:1    | Killed an orc high priest
 14322 | Orc:1    | Reached skill level 10 in Fighting
 14330 | Orc:1    | Paralysed by an orc sorcerer for 5 turns
 14343 | Orc:1    | Found a roughly hewn altar of Beogh.
 14352 | Orc:1    | Found a flagged portal.
 14358 | Bailey   | Entered a bailey
 14508 | Bailey   | Received a gift from Trog
 15585 | Orc:2    | Entered Level 2 of the Orcish Mines
 15585 | Orc:2    | Found a staircase to the Elven Halls.
 15600 | Orc:2    | Noticed an orc warlord
 15765 | Orc:1    | Mangled by an orc warlord

Levels and vault maps discovered:
D:1:      dpeg_cavernosity, layout_rooms, minmay_misc_feat_ornament,
          feat_on_display
D:2:      layout_basic, grunt_ministairs_3, chequers_serial_rivers_micro_d
D:3:      layout_loops_ring, first_ration
D:4:      layout_rooms, serial_shops, shop
D:5:      layout_loops_ring, kennysheep_ying_yang,
          gammafunk_temple_overflow_wave, nicolae_overflow_quartered_altars,
          nicolae_tso_besieged_by_evil
D:6:      layout_loops_ring, overflow_temple_1_default
D:7:      layout_loops_ring, minmay_temple_entry_enclosed_plants, basic_altar,
          serial_shops, shop_fountains, uniq_harold, uniq_duvessa, uniq_pikel,
          uniq_crazy_yiuf_cottage
D:8:      layout_rooms, lemuel_crystal_altar, basic_altar, hangedman_ranch
          [blue_anna_fruit_fields]
D:9:      layout_basic, grunt_temple_overflow_growth_and_decay, serial_shops,
          shop, basic_altar, corexii_corridor_pit
D:10:     layout_loops_ring, erik_lair_dragon, uniq_erica
D:11:     layout_loops_ring, david_orc_3
Orc:1:    layout_caves, enter_bailey_3, basic_altar
Orc:2:    st_orc_ogre_mass, layout_caves

Skill      XL: |  1  2  3  4  5  6  7  8  9 10 11 12 |
---------------+-------------------------------------+-----
Armour         | 2 3 4 |  4.0
Dodging        | 2 3 4 |  4.0
Polearms       | 3 4 6 7 8 10 12 | 12.7
Fighting       | 4 5 6 7 8 9 10 | 10.4
Evocations     | 3 5 7 9 10 | 10.1

Action                   |  1- 3 |  4- 6 |  7- 9 | 10-12 || total
-------------------------+-------+-------+-------+-------++-------
Melee: Spear             |   148 |    95 |       |       ||   243
       Halberd           |       |   141 |   224 |    88 ||   453
       Quarterstaff      |       |       |    49 |     3 ||    52
       Lajatang          |       |       |       |   262 ||   262
       Glaive            |       |       |       |   183 ||   183
Throw: Throwing net      |       |       |     1 |     2 ||     3
Invok: Berserk           |     2 |     5 |    12 |    16 ||    35
       Brothers in Arms  |       |       |       |     2 ||     2
       Trog's Hand       |       |       |       |     1 ||     1
Evoke: Wand              |       |       |     9 |    50 ||    59
  Use: Scroll            |       |       |     5 |     9 ||    14
       Potion            |       |       |       |     8 ||     8
 Stab: Sleeping          |     5 |       |       |     3 ||     8
       Held in net/web   |       |       |     1 |       ||     1
       Confused          |       |       |       |     3 ||     3
  Eat: Chunk             |     4 |     8 |     9 |    19 ||    40
       Ration            |       |     2 |     4 |     6 ||    12
Armor: Animal skin       |    23 |       |       |       ||    23
       Chain mail        |    10 |   124 |   145 |       ||   279
       Ring mail         |       |       |    49 |   147 ||   196
Dodge: Dodged            |    52 |    90 |   129 |   384 ||   655
Block: Other             |       |       |       |   122 ||   122

Table legend:
 A = Non-vault XP
 B = Vault XP
 C = Vault XP percentage of total XP
 D = Non-vault monster count
 E = Vault monster count
 F = Vault count percentage of total count
                 A         B        C        D         E       F
            +---------+---------+-------+---------+---------+-------
      Total |   19337 |    7995 |  29.3 |     263 |      64 |  19.6
            +---------+---------+-------+---------+---------+-------
        D:1 |      46 |       6 |  11.5 |      24 |       4 |  14.3
        D:2 |      60 |       7 |  10.4 |      12 |       2 |  14.3
        D:3 |      88 |       0 |   0.0 |      21 |       0 |   0.0
        D:4 |     362 |       0 |   0.0 |      17 |       0 |   0.0
        D:5 |     298 |      18 |   5.7 |       7 |       9 |  56.2
        D:6 |     299 |     663 |  68.9 |      13 |       1 |   7.1
        D:7 |     595 |    1191 |  66.7 |      20 |       3 |  13.0
        D:8 |     282 |    2215 |  88.7 |      10 |       8 |  44.4
        D:9 |    2324 |       0 |   0.0 |      26 |       0 |   0.0
       D:10 |    2868 |    1674 |  36.9 |      29 |       7 |  19.4
       D:11 |    8970 |     452 |   4.8 |      65 |       7 |   9.7
      Orc:1 |    2332 |       8 |   0.3 |      14 |       4 |  22.2
      Orc:2 |     813 |       0 |   0.0 |       5 |       0 |   0.0
     Bailey |       0 |    1761 | 100.0 |       0 |      19 | 100.0
            +---------+---------+-------+---------+---------+-------
